 Dungeon Crawl Stone Soup version 0.27.1-33-g824d729ab1 (webtiles) character file.

Game seed: 5844698523073971818

78 zeram the Caller (level 4, 0/24 HPs)
             Began as a Deep Elf Summoner on Dec 25, 2021.
             Killed from afar by Ijyb (4 damage)
             ... with a bolt of acid
             ... on level 3 of the Dungeon.
             The game lasted 00:08:02 (4064 turns).

zeram the Caller (Deep Elf Summoner)                Turns: 4064, Time: 00:08:03

Health: 0/24       AC:  2    Str:  5    XL:     4   Next: 15%
Magic:  3/10       EV: 12    Int: 21    God:
Gold:   61         SH:  0    Dex: 15    Spells: 3/9 levels left

rFire    . . .     SeeInvis .   d - +0 spear
rCold    . . .     Faith    .   (no shield)
rNeg     . . .     Spirit   .   a - +0 robe
rPois    .         Reflect  .   (no helmet)
rElec    .         Harm     .   (no cloak)
rCorr    +         Rampage  .   (no gloves)
Will     .....                  (no boots)
Stlth    ++........             (no amulet)
HPRegen  0.08/turn              e - ring of resist corrosion
MPRegen  0.12/turn              (no ring)

@: no status effects
A: no striking features
a: no special abilities


You were on level 3 of the Dungeon.
You visited 1 branch of the dungeon, and saw 3 of its levels.

You collected 61 gold pieces.

Inventory:

Hand Weapons
 b - a +0 whip
 d - a +0 spear (weapon)
Armour
 a - a +0 robe (worn)
 g - a +0 buckler
Jewellery
 e - a ring of resist corrosion (left hand)
Potions
 f - a potion of resistance
 h - a potion of brilliance


   Skills:
 + Level 2.4 Dodging
 - Level 2.4 Stealth
 - Level 3.0 Spellcasting
 + Level 6.3 Summonings


You had 3 spell levels left.
You knew the following spells:

 Your Spells              Type           Power      Damage    Failure   Level
a - Summon Small Mammal   Summ           100%       N/A       1%          1
b - Call Imp              Summ           29%        N/A       1%          2
c - Call Canine Familiar  Summ           29%        N/A       3%          3

Your spell library contained the following spells:

 Spells                   Type           Power      Damage    Failure   Level
 Summon Guardian Golem    Hex/Summ       16%        N/A       11%         3
 Summon Lightning Spire   Summ/Air       16%        N/A       36%         4


Dungeon Overview and Level Annotations

Branches:
Dungeon (3/15)

Altars:

Shops:
D:2 (

Annotations:
D:3 Ijyb


Message History

Your shadow imp hits Ijyb.
Your hound barely misses Ijyb.
Reach: d) +0 spear
Press: ? - help, Dir - move target, f/p - Ijyb
Aim: Ijyb, wielding a +0 club, wearing a +0 leather armour and carrying a wand of acid (11) (heavily wounded, ally target, about 47% to evade your +0 spear)
You reach to attack!
You miss Ijyb.
Ijyb is heavily wounded.
Ijyb zaps a wand.
The bolt of acid hits your hound!
Your hound is splashed with acid!
The acid corrodes your hound!
Your hound dies!
Your hound's corpse disappears in a puff of smoke!
The bolt of acid hits you! You resist.
You are splashed with acid.
You resist.
Your shadow imp closely misses Ijyb.
Reach: d) +0 spear
Press: ? - help, Dir - move target, f/p - Ijyb
Aim: Ijyb, wielding a +0 club, wearing a +0 leather armour and carrying a wand of acid (10) (grey smoke, heavily wounded, ally target, about 47% to evade your +0 spear)
You hit Ijyb but do no damage.
Ijyb is heavily wounded.
Ijyb hits you with a +0 club.
* * * LOW HITPOINT WARNING * * *
You feel better.
Your shadow imp hits Ijyb.
Ijyb barely misses you.
You aren't carrying any scrolls.
Okay, then.
Your shadow imp misses Ijyb.
Casting: Call Canine Familiar (quite dangerous; 3% risk of failure)
Confirm with . or Enter, or press ? or * to list all spells.
The spell is quite dangerous to cast (3% risk of failure)!
Continue anyway?
Ijyb barely misses you.
You hit Ijyb.
Ijyb is severely wounded.
Your shadow imp hits Ijyb.
Your hound bites Ijyb but does no damage.
Ijyb hits you with a +0 club.
* * * LOW HITPOINT WARNING * * *
Unknown command.
You hit Ijyb but do no damage.
Ijyb is almost dead.
Your hound bites Ijyb but does no damage.
Your shadow imp misses Ijyb.
Your hound misses Ijyb.
Ijyb zaps a wand.
The bolt of acid hits you. You resist.
You die...

##.# #.#
#...##### #.#
#.# #.†......
#.## #.#
#...#####
#..# #.#
#...# #..
##.# #.#
##'## #.# #.#
#.# #.# #.#
#†## #.# #.#
#5# #..# #.#
#.####.# ##.#
#@# #..5...#
##.########g#
########
#.........5h#
#.#.######..#
#.#..# #..#
#.##.# #..#
#. #.# #..#
#. #.## #..#
#. #.<#
#..####


You could see Ijyb (ally target), a friendly hound (summoned) and a friendly
shadow imp (summoned).

Vanquished Creatures
  An adder (D:3)
  An orc (D:2)
  A ball python (D:2)
  2 bats
  An endoplasm (D:1)
  A frilled lizard (D:2)
  A kobold (D:3)
  3 rats
11 creatures vanquished.

Vanquished Creatures (collateral kills)
  Jessica (D:2)
  A gnoll (D:3)
  4 adders
  2 worms (D:2)
  A dart slug (D:1)
  3 endoplasms
  A giant cockroach (D:3)
  A goblin (D:1)
  5 jackals (D:1)
  A ball python (D:1)
  2 bats (D:3)
  A frilled lizard (D:2)
  6 kobolds
  A rat (D:2)
30 creatures vanquished.

Vanquished Creatures (others)
  2 plants (D:2)
2 creatures vanquished.

Grand Total: 43 creatures vanquished

Notes
Turn   | Place    | Note
-------+----------+-------------------------------------------
     0 | D:1      | zeram the Deep Elf Summoner began the quest for the Orb.
     0 | D:1      | Reached XP level 1. HP: 10/10 MP: 6/6
   415 | D:1      | Found a faded altar of an unknown god.
   540 | D:1      | Reached XP level 2. HP: 15/15 MP: 5/8
   632 | D:1      | Reached skill level 5 in Summonings
  1352 | D:1      | Learned a level 2 spell: Call Imp
  1903 | D:2      | Found Zualoguj's Weapon Shoppe.
  2647 | D:2      | Noticed Jessica
  2657 | D:2      | Killed Jessica
  2658 | D:2      | Reached XP level 3. HP: 13/19 MP: 1/9
  2663 | D:2      | Learned a level 3 spell: Call Canine Familiar
  3176 | D:3      | Reached skill level 6 in Summonings
  3571 | D:3      | Reached XP level 4. HP: 23/24 MP: 6/10
  3662 | D:3      | Noticed Ijyb
  4064 | D:3      | Killed from afar by Ijyb

Illustrated notes

Levels and vault maps discovered:
D:1:      mrwooster_arrival_statue, layout_basic, basic_ecumenical_altar
D:2:      layout_loops_corners, serial_forest, infiniplex_forest_zigzag_1,
          infiniplex_forest_corner_1, infiniplex_forest_straight_1,
          infiniplex_forest_lined_2, infiniplex_forest_lined_3,
          infiniplex_forest_corner_2, infiniplex_forest_end_2, serial_shops,
          shop, uniq_jessica
D:3:      layout_basic, uniq_crazy_yiuf_cottage, uniq_ijyb

Skill      XL: |  1  2  3 |
---------------+----------+-----
Summonings     | 5 6 |  6.3
Dodging        | |  2.4
Stealth        | |  2.4
Spellcasting   | |  3.0

Action                   |  1- 3 |  4- 6 || total
-------------------------+-------+-------++-------
Melee: Whip              |    26 |       ||    26
       Unarmed           |     2 |       ||     2
       Spear             |    22 |    12 ||    34
 Cast: Summon Small Mamm |    33 |       ||    33
       Call Imp          |    24 |     6 ||    30
       Call Canine Famil |     3 |     3 ||     6
  Use: Scroll            |     8 |     1 ||     9
       Potion            |       |     1 ||     1
 Stab: Sleeping          |     4 |       ||     4
Armor: Robe              |    13 |     2 ||    15
Dodge: Dodged            |    37 |     5 ||    42
